 Dungeon Crawl Stone Soup version 0.25.0-1-g7eea58d (webtiles) character file.

Game seed: 18241974017613191394

6908 DoonMakesThings the Grappler (level 10, -1/96 HPs)
             Began as a Troll Berserker on June 18, 2020.
             Was a High Priest of Trog.
             Slain by Erolcha
             ... wielding a +0 giant club
              (10 damage)
             ... on level 9 of the Dungeon on June 19, 2020.
             The game lasted 01:06:28 (8311 turns).

DoonMakesThings the Grappler (Troll Berserker)      Turns: 8311, Time: 01:06:29

Health: -1/96      AC:  7    Str: 29    XL:     10   Next: 79%
Magic:  9/9        EV: 11    Int:  3    God:    Trog [*****.]
Gold:   492        SH:  0    Dex: 10    Spells: 9/9 levels left

rFire    + . .     SeeInvis +     - Unarmed
rCold    x . .     Gourm    +   (no shield)
rNeg     . . .     Faith    .   D - +1 robe
rPois    .         Spirit   .   G - +0 hat
rElec    .         Reflect  .   l - scarf {+Inv}
rCorr    .         Harm     .   (gloves unavailable)
MR       .....                  (boots unavailable)
Stlth    ++........             L - amulet of the acrobat
HPRegen  0.66/turn              B - ring of fire
MPRegen  0.11/turn              N - ring of see invisible

@: berserk cooldown, slowed, very slow
A: large, unfitting armour, claws 3, fast metabolism 3, gourmand, regeneration
1, shaggy fur 1, tough skin 3
a: Berserk, Trog's Hand, Brothers in Arms, Renounce Religion, Evoke Invisibility


You were on level 9 of the Dungeon.
You worshipped Trog.
Trog was extremely pleased with you.
You were not hungry.

You visited 1 branch of the dungeon, and saw 9 of its levels.

You collected 492 gold pieces.

Inventory:

Hand Weapons
 p - a +0 hand axe
 q - a +0 hunting sling
 r - a +0 long sword
 z - a +4 quarterstaff of chaos
 P - a cursed +0 giant spiked club
 T - a +3 falchion of holy wrath
 Z - a +0 shortbow
Missiles
 e - 8 boomerangs
 h - 345 stones (quivered)
 j - 116 arrows
 m - 15 javelins
 o - 4 large rocks
 K - 59 bolts
Armour
 a - a +0 animal skin
 i - a +0 robe
 l - a scarf of invisibility (worn)
 A - a +1 cloak
 D - a +1 robe (worn)
 G - a +0 hat (worn)
 H - a +0 robe
 M - a cursed -2 robe
Jewellery
 u - an uncursed amulet of inaccuracy
 B - a ring of fire (left claw)
 L - an amulet of the acrobat (around neck)
 N - a ring of see invisible (right claw)
 V - an uncursed ring of stealth
Wands
 d - a wand of clouds (4)
 y - a wand of digging (4)
 C - a wand of random effects (23)
 F - a wand of polymorph (7)
 O - a wand of flame (32)
Scrolls
 c - 6 scrolls of remove curse
 f - 4 scrolls of fog
 g - 2 scrolls of identify
 k - 2 scrolls of amnesia
 n - 5 scrolls of teleportation
 x - 2 scrolls of enchant armour
 I - 2 scrolls of blinking
Potions
 s - 3 potions of flight
 t - a potion of resistance {unknown}
 v - a potion of stabbing {unknown}
 w - 4 potions of curing
 E - a potion of mutation {unknown}
 J - 2 potions of ambrosia {unknown}
 Q - a potion of haste
 R - a potion of invisibility
 U - a potion of lignification
 X - a potion of magic
Comestibles
 b - 18 rations


   Skills:
 * Level 5.5 Fighting
 + Level 2.8 Throwing
 - Level 4.9 Dodging
 - Level 2.2 Stealth
 * Level 13.4 Unarmed Combat


You had 9 spell levels left.
You didn't know any spells.
Your spell library contained the following spells:

 Spells                   Type           Power        Failure   Level  Hunger
 Corona                   Hex            #......      52%         1    ##.....
 Ensorcelled Hibernation  Hex/Ice        #.....       67%         2    ###....
 Confusing Touch          Hex            #.......     88%         3    ####...
 Dazzling Flash           Conj/Hex       #.....       88%         3    ####...
 Tukima's Dance           Hex            #.......     88%         3    ####...


Dungeon Overview and Level Annotations

Branches:
Dungeon (9/15)             Temple (0/1) D:7            Lair (0/6) D:9
    Orc (0/2) D:9

Altars:
Dithmenos
Kikubaaqudgha
Nemelex Xobeh
Okawaru
Ru
Sif Muna
Vehumet
Wu Jian
Xom
The Shining One

Shops:
D:5 *   D:6 [   D:9 [

Annotations:
D:9 Erolcha


Innate Abilities, Weirdness & Mutations

You are too large for most types of armour.
You have claws for hands.
Your metabolism is lightning-fast.
You like to eat raw meat.
Your natural rate of healing is unusually fast.
You are covered in fur. (AC +1)
You have extremely tough skin. (AC +3)


Message History

The bullfrog hits you but does no damage.
You mangle the ogre!!
The ogre is severely wounded.
The bullfrog hits you but does no damage.
Erolcha gestures at you while chanting. The bolt of lightning hits you!!
The ogre hits you with a cursed +0 giant club!
The bullfrog closely misses you.
You mangle the ogre!!
You kill the ogre!
Trog accepts your kill. The bullfrog hits you.
You claw the bullfrog!
You kill the bullfrog!
Trog accepts your kill. Erolcha casts a spell at you.
The bolt of lightning hits you!!
* * * LOW HITPOINT WARNING * * *
You fail to use your ability.
Erolcha hits you with a +0 giant club!
You die...

..# ####..# #.....#######
.............######
..................
#######................†
#.....#.................
#.....#.................
..###.....#@)...........####
..'.......#[O......>#++>#...
#........††.......+.......
###.............#......#
...o....###.........#......#
.o......# +.........###....#
...Y....###...........#..#'#
.............$........####..
............................


You could see Erolcha (invisible).

Vanquished Creatures
  Harold (D:8)
  Joseph (D:7)
  A hornet (D:8)
  A hippogriff (D:5)
  A wyvern (D:9)
  Eustachio (D:6)
  Sigmund (D:4)
  A yak (D:7)
  4 hogs (D:7)
  A human (D:7)
  2 hungry ghosts (D:9)
  Edmund (D:4)
  A water moccasin (D:7)
  Duvessa (D:4)
  An ice beast (D:6)
  2 sky beasts
  An orc warrior (D:9)
  A phantom (D:6)
  8 ogres
  2 centaurs
  A crocodile (D:2)
  A big kobold (D:8)
  6 bullfrogs
  A gnoll sergeant (D:8)
  Dowan (D:4)
  2 wyvern skeletons
  3 scorpions
  3 killer bees (D:9)
  2 crimson imps
  A bullfrog zombie (D:9)
  A centaur zombie (D:5)
  2 orc priests
  2 jellies
  4 orc wizards
  Crazy Yiuf (D:2)
  A centaur skeleton (D:6)
  7 iguanas
  Ijyb (D:5)
  Natasha (thrice) (D:2)
  13 worker ants
  2 howler monkey zombies
  A worker ant zombie (D:8)
  11 gnolls
  9 adders
  A shadow imp (D:9)
  An ooze (D:3)
  2 adder skeletons
  A worm (D:3)
  3 dart slugs (D:1)
  7 leopard geckos
  36 orcs
  6 giant cockroaches
  5 hobgoblins
  2 jackals (D:4)
  7 kobolds
  A quokka (D:5)
  4 bats
  6 frilled lizards
  10 goblins
  A jackal skeleton (D:4)
  A jackal zombie (D:8)
  A leopard gecko skeleton (D:9)
  A quokka zombie (D:5)
  8 rats
  4 bushes (D:5)
  3 fungi (D:9)
  12 plants
235 creatures vanquished.

Vanquished Creatures (others)
  An orc wizard (D:5)
1 creature vanquished.

Grand Total: 236 creatures vanquished

Notes
Turn   | Place    | Note
-------+----------+-------------------------------------------
     0 | D:1      | DoonMakesThings the Troll Berserker began the quest for the
                  | Orb.
     0 | D:1      | Reached XP level 1. HP: 22/22 MP: 0/0
   197 | D:1      | Reached XP level 2. HP: 25/29 MP: 1/1
   955 | D:2      | Reached XP level 3. HP: 36/36 MP: 2/2
  1096 | D:2      | Noticed Natasha
  1117 | D:2      | Killed Natasha
  1117 | D:2      | Reached XP level 4. HP: 33/45 MP: 3/3
  1187 | D:2      | Noticed a crocodile
  1193 | D:2      | Killed a crocodile
  1193 | D:2      | Reached skill level 4 in Unarmed Combat
  1193 | D:2      | Reached XP level 5. HP: 42/53 MP: 4/4
  1405 | D:2      | Reached ** piety under Trog
  1677 | D:2      | Noticed Natasha
  1684 | D:2      | Killed Natasha
  1690 | D:2      | Noticed Natasha
  1695 | D:2      | Killed Natasha
  1793 | D:2      | Found a runed translucent door.
  1794 | D:2      | Noticed Crazy Yiuf
  1800 | D:2      | Killed Crazy Yiuf
  1800 | D:2      | Reached skill level 5 in Unarmed Combat
  1800 | D:2      | Reached XP level 6. HP: 44/61 MP: 5/5
  2726 | D:4      | Found an ancient bone altar of Kikubaaqudgha.
  2762 | D:4      | Reached skill level 6 in Unarmed Combat
  2876 | D:4      | Noticed Duvessa
  2877 | D:4      | Noticed Dowan
  2893 | D:4      | Killed Duvessa
  2893 | D:4      | Reached XP level 7. HP: 67/67 MP: 6/6
  2897 | D:4      | Killed Dowan
  2897 | D:4      | Reached *** piety under Trog
  3041 | D:4      | Reached skill level 1 in Stealth
  3119 | D:4      | Noticed Sigmund
  3130 | D:4      | Killed Sigmund
  3130 | D:4      | Reached skill level 7 in Unarmed Combat
  3247 | D:4      | Noticed Edmund
  3261 | D:4      | Killed Edmund
  3419 | D:4      | Found an iron altar of Okawaru.
  3572 | D:5      | Entered Level 5 of the Dungeon
  3576 | D:5      | Found an ornate altar of the Wu Jian Council.
  3586 | D:5      | Reached skill level 8 in Unarmed Combat
  3586 | D:5      | Reached XP level 8. HP: 72/75 MP: 7/7
  3642 | D:5      | Found a shadowy altar of Dithmenos.
  3644 | D:5      | Found a radiant altar of Vehumet.
  3742 | D:5      | Found Likiciomol's Lightly-Used Armoury.
  3916 | D:5      | Noticed Ijyb
  3917 | D:5      | Noticed a hippogriff
  3934 | D:5      | Killed a hippogriff
  3934 | D:5      | Reached skill level 9 in Unarmed Combat
  3945 | D:5      | Killed Ijyb
  4193 | D:5      | Found a shimmering blue altar of Sif Muna.
  4352 | D:5      | Found a sparkling altar of Nemelex Xobeh.
  4592 | D:6      | Noticed Eustachio
  4618 | D:6      | Killed Eustachio
  4765 | D:6      | Reached skill level 10 in Unarmed Combat
  4856 | D:6      | Reached XP level 9. HP: 77/84 MP: 8/8
  5111 | D:6      | Reached **** piety under Trog
  5160 | D:6      | Found Pocsunk's Armour Boutique.
  5359 | D:6      | Reached skill level 11 in Unarmed Combat
  5762 | D:7      | Reached skill level 12 in Unarmed Combat
  5928 | D:7      | Noticed Joseph
  5940 | D:7      | Killed Joseph
  6114 | D:7      | Found a staircase to the Ecumenical Temple.
  6188 | D:7      | Reached XP level 10. HP: 78/92 MP: 9/9
  6856 | D:8      | Found a glowing golden altar of the Shining One.
  6998 | D:8      | Found a shimmering altar of Xom.
  7094 | D:8      | Noticed Harold
  7103 | D:8      | Reached skill level 1 in Throwing
  7122 | D:8      | Killed Harold
  7122 | D:8      | Reached skill level 13 in Unarmed Combat
  7128 | D:8      | Reached ***** piety under Trog
  7419 | D:9      | Found Jetad's Armour Shop.
  7422 | D:9      | Found a staircase to the Lair.
  7774 | D:9      | Reached skill level 5 in Fighting
  7789 | D:9      | Found a staircase to the Orcish Mines.
  7833 | D:9      | Found a sacrificial altar of Ru.
  8303 | D:9      | Noticed Erolcha
  8311 | D:9      | Slain by Erolcha

Illustrated notes

Levels and vault maps discovered:
D:1:      dpeg_arrival_connections, layout_basic
D:2:      layout_basic, hangedman_decor_points, minmay_ruptured, uniq_natasha,
          uniq_crazy_yiuf_cottage
D:3:      layout_basic, first_ration
D:4:      layout_rooms, lemuel_doored_altar, nicolae_overflow_hidden_temple,
          hangedman_abyss_or_decor_stabs, uniq_sigmund, uniq_duvessa,
          uniq_edmund
D:5:      layout_rooms, lemuel_crystal_altar, led_sif_book,
          gammafunk_temple_overflow_forgotten, minmay_shop_damaged,
          kennysheep_generic_room_14, uniq_ijyb
D:6:      layout_loops_corners, serial_shops, nicolae_shop_behind_doors,
          uniq_eustachio
D:7:      layout_loops_ring, minmay_temple_entry_water_ring, grunt_livestock,
          minmay_microvault, uniq_joseph
D:8:      layout_rooms, xom_teletrap_fun, lemuel_crystal_altar, sigmund_army,
          uniq_harold
D:9:      nicolae_whirlpool, layout_irregular_city,
          nicolae_ru_the_path_less_chosen, lair_entry_dummy, orc_0_dummy,
          serial_shops, nicolae_shop_trees, shop, kennysheep_mini_moat,
          uniq_erolcha

Skill      XL: |  1  2  3  4  5  6  7  8  9 10 |
---------------+-------------------------------+-----
Dodging        | 3 4 |  4.9
Fighting       | 3 4 5 |  5.5
Unarmed Combat | 4 5 6 8 10 12 13 | 13.4
Stealth        | 1 2 |  2.2
Throwing       | 2 |  2.8

Action                   |  1- 3 |  4- 6 |  7- 9 | 10-12 || total
-------------------------+-------+-------+-------+-------++-------
Melee: Unarmed           |    71 |   141 |   300 |   234 ||   746
       Punch             |       |     2 |    23 |    17 ||    42
Throw: Stone             |       |       |    13 |    21 ||    34
       Boomerang         |       |       |     1 |     8 ||     9
Invok: Berserk           |     1 |     1 |     2 |     3 ||     7
  Use: Scroll            |       |     8 |     3 |     2 ||    13
 Stab: Sleeping          |       |     1 |     3 |     1 ||     5
  Eat: Chunk             |    15 |    18 |    31 |    23 ||    87
       Ration            |       |       |     1 |       ||     1
Armor: Animal skin       |    26 |    31 |       |       ||    57
       Robe              |       |    13 |    31 |    39 ||    83
Dodge: Dodged            |    23 |    55 |   117 |   147 ||   342
